 Dungeon Crawl Stone Soup version 0.30-a0-42-g806c11bf1d (webtiles) character file.

Game seed: 1659184558416929643

1019 Destapler the Shield-Bearer (level 8, -1/78 HPs)
             Began as a Troll Fighter on Aug 30, 2022.
             Was an Initiate of Yredelemnul.
             Killed by divine providence
             ... invoked by an orc priest
              (11 damage)
             ... on level 7 of the Dungeon.
             The game lasted 00:11:42 (4093 turns).

Destapler the Shield-Bearer (Troll Fighter)         Turns: 4093, Time: 00:11:42

Health: -1/78      AC:  4    Str: 27    XL:     8   Next: 2%
Magic:  9/9        EV:  9    Int:  4    God:    Yredelemnul [......]
Gold:   261        SH:  8    Dex:  9    Spells: 7/7 levels left

rFire   + . .      SeeInvis .    a - +0 morningstar
rCold   + . .      Faith    .    c - +0 kite shield
rNeg    . . .      Spirit   .    b - +0 robe
rPois   .          Reflect  .    (helmet restricted)
rElec   .          Harm     .    A - scarf {rC+ rF+}
rCorr   .          Rampage  .    (gloves unavailable)
Will    .....                    (boots unavailable)
Stlth   +.........               (no amulet)
HPRegen 1.03/turn                (no ring)
MPRegen 0.11/turn                (no ring)

@: hasted, very quick
A: large, unfitting armour, claws 3, regeneration 1, shaggy fur 1, tough skin 1
a: Renounce Religion, Recall Undead Harvest


You were on level 7 of the Dungeon.
You worshipped Yredelemnul.
Yredelemnul was noncommittal.
You visited 1 branch of the dungeon, and saw 7 of its levels.

You collected 261 gold pieces.

Inventory:

Hand Weapons
 a - a +0 morningstar (weapon)
 s - a +0 flail
Missiles
 o - 30 stones (quivered)
 t - 3 boomerangs
 z - 3 poisoned darts
Armour
 b - a +0 robe (worn)
 c - a +0 kite shield (worn)
 r - a +0 cloak
 A - a scarf of resistance (worn)
Scrolls
 d - a scroll of fear {unknown}
 f - a scroll of acquirement {unknown}
 g - 2 scrolls of identify
 i - a scroll of silence {unknown}
 j - a scroll of immolation
 l - 2 scrolls of enchant armour {unknown}
 m - a scroll of fog {unknown}
 v - a scroll of poison {unknown}
 y - 2 scrolls of magic mapping {unknown}
Potions
 e - 3 potions of attraction
 h - a potion of flight {unknown}
 k - 3 potions of mutation
 n - a potion of heal wounds {unknown}
 p - a potion of lignification {unknown}
 q - a potion of brilliance {unknown}
 w - a potion of curing


   Skills:
 + Level 3.8 Fighting
 + Level 3.7 Maces & Flails
 + Level 2.5 Throwing
 + Level 2.4 Armour
 + Level 3.8 Dodging
 + Level 4.3 Shields
 + Level 2.7 Invocations


You had 7 spell levels left.
You didn't know any spells.
Your spell library contained the following spells:

 Spells                   Type           Power      Damage    Failure   Level
 Gell's Gravitas          Tloc           0%         N/A       98%         3
 Teleport Other           Tloc           0%         N/A       98%         3
 Passage of Golubria      Tloc           0%         N/A       100%        4
 Silence                  Hex/Air        0%         N/A       100%        5
 Dispersal                Tloc           0%         N/A       100%        6
 Lehudib's Crystal Spear  Conj/Erth      0%         10d2      100%        8


Dungeon Overview and Level Annotations

Branches:
Dungeon (7/15)
 Temple: D:4-7

Altars:
Qazlal
Yredelemnul


Innate Abilities, Weirdness & Mutations

You are too large for most types of armour.
You have claws for hands.
Your natural rate of healing is unusually fast.
You are covered in fur. (AC +1)
You have tough skin. (AC +1)


Message History

The orc priest casts a cantrip, but nothing happens.
The orc hits you but does no damage.
The orc zaps a wand.
Your orc zombie is charmed!
Found a scratched iron ring.
The orc hits you with a +0 spear. The orc attacks as you move away!
The orc hits you but does no damage. The orc hits you with a +0 spear.
You barely miss the orc. The orc barely misses you. You block the orc's attack.
You barely miss the orc. The orc hits you with a +0 spear.
You block the orc's attack. The orc closely misses you.
You block the orc's attack.
You hit the orc.
The orc is severely wounded.
The orc barely misses you. You block the orc's attack.
You barely miss the orc.
The orc is severely wounded.
The orc priest invokes the aid of Beogh against you.
Beogh smites you! The orc barely misses you.
The orc hits you but does no damage. You block the orc's attack. x2
The orc priest mumbles some strange prayers to Beogh against you.
Beogh smites you!
* * * LOW HITPOINT WARNING * * *
You puncture the orc!
You kill the orc!
The orc closely misses you.
You bludgeon the orc!!
You kill the orc!
The dead are walking!
The ogre attacks as you move away!
The ogre hits you with a +0 giant club!!
* * * LOW HITPOINT WARNING * * *
Your orc zombie barely misses the ogre.
The ogre hits you with a +0 giant club!
* * * LOW HITPOINT WARNING * * *
Your orc zombie hits the ogre.
You see here a ring of see invisible.
It was a potion of haste.
You feel yourself speed up.
The orc priest mumbles some strange prayers to Beogh against you.
Beogh smites you!
You die...
Your body rises from the dead as a mindless zombie.

######## ##......##
##........##
#..........#
#..........#
#..........#
#..........#
#......@...#
##.....O..##
#.......o##
#.......Z..# ##########
#.........o###........#
...........Z.)Z..<....#
#.........)###........#
...........# ##.....###
#.......>.## #.#....#


You could see an ogre (ally target), an orc priest, an orc, an orc zombie
(hexed) and a friendly orc zombie.

Vanquished Creatures
  A sky beast (D:7)
  An ogre (D:4)
  A bullfrog (D:4)
  A necrophage (D:4)
  2 scorpions
  4 jellies
  2 hounds (D:4)
  2 adders
  4 worms
  A dart slug (D:2)
  6 orcs
  8 endoplasms
  2 giant cockroaches
  9 goblins
  3 hobgoblins
  3 quokkas
  5 ball pythons
  3 bats
  3 frilled lizards
  6 kobolds
  7 rats
74 creatures vanquished.

Vanquished Creatures (collateral kills)
  The ghost of nmsoi the Digger, a novice GnEE (D:4)
  Crazy Yiuf (D:3)
  3 adders
  An endoplasm (D:1)
  2 goblins
  A hobgoblin (D:2)
  A ball python (D:4)
  A rat (D:1)
11 creatures vanquished.

Vanquished Creatures (others)
  A bullfrog zombie (D:4)
  An ogre zombie (D:4)
  A hound zombie (D:4)
  A bat zombie (D:2)
  2 endoplasm zombies (D:4)
  A goblin zombie (D:4)
  A hobgoblin zombie (D:4)
  An orc zombie (D:4)
  A rat zombie (D:2)
  5 plants (D:5)
15 creatures vanquished.

Grand Total: 100 creatures vanquished

Notes
Turn   | Place    | Note
-------+----------+-------------------------------------------
     0 | D:1      | Destapler the Troll Fighter began the quest for the Orb.
     0 | D:1      | Reached XP level 1. HP: 22/22 MP: 0/0
    93 | D:1      | Found a faded altar of an unknown god.
    97 | D:1      | Prayed at the altar of an unknown god.
    97 | D:1      | Became a worshipper of Yredelemnul the Dark
    97 | D:1      | Reached * piety under Yredelemnul
   188 | D:1      | Reached XP level 2. HP: 29/29 MP: 1/1
   291 | D:1      | Reached ** piety under Yredelemnul
   465 | D:1      | Reached skill level 3 in Shields
   888 | D:2      | Found a stormy altar of Qazlal.
  1008 | D:2      | Reached XP level 3. HP: 35/36 MP: 2/2
  1016 | D:2      | Identified the +8 dagger of the Solstice {flame, Fly Will-
                  | Int+4 Stlth+}
  1943 | D:3      | Reached XP level 4. HP: 44/44 MP: 3/3
  2461 | D:3      | Found a runed translucent door.
  2462 | D:3      | Noticed Crazy Yiuf
  2967 | D:3      | Killed Crazy Yiuf
  3123 | D:4      | Reached XP level 5. HP: 44/53 MP: 4/4
  3165 | D:4      | Reached skill level 1 in Invocations
  3206 | D:4      | Noticed an ogre
  3213 | D:4      | Killed an ogre
  3214 | D:4      | Reached skill level 1 in Throwing
  3214 | D:4      | Reached skill level 1 in Armour
  3215 | D:4      | Found a runed translucent door.
  3251 | D:4      | Noticed nmsoi's ghost (novice GnEE)
  3260 | D:4      | Reached XP level 6. HP: 41/61 MP: 4/6
  3322 | D:4      | Killed nmsoi's ghost
  3323 | D:4      | Reached XP level 7. HP: 5/67 MP: 7/7
  3323 | D:4      | HP: 5/100 [poisoned by nmsoi's ghost]
  3469 | D:4      | Reached skill level 4 in Shields
  3841 | D:5      | Entered Level 5 of the Dungeon
  3968 | D:5      | You fall into a shaft and drop 2 floors!
  3999 | D:7      | Reached XP level 8. HP: 61/78 MP: 7/9
  4093 | D:7      | Killed from afar by an orc priest

Illustrated notes

Levels and vault maps discovered:
D:1:      dpeg_arrival_tiny_f, layout_loops_ring, basic_ecumenical_altar,
          kennysheep_doodads
D:2:      layout_basic, basic_altar
D:3:      layout_loops_corners, uniq_crazy_yiuf_cottage
D:4:      layout_basic, ebering_ghost_sewer_d, kennysheep_generic_room_10
D:5:      layout_loops_ring, minmay_temple_entry_large_hall,
          gammafunk_ghost_gnarly_gnolls, uniq_ijyb
D:6:      layout_basic, uniq_eustachio, uniq_duvessa
D:7:      layout_rooms

Skill      XL: |  1  2  3  4  5  6  7 |
---------------+----------------------+-----
Maces & Flails | 2 3 |  3.7
Shields        | 3 4 |  4.3
Dodging        | 3 |  3.8
Fighting       | 3 |  3.8
Invocations    | 1 2 |  2.7
Throwing       | 1 2 |  2.5
Armour         | 1 2 |  2.4

Action                   |  1- 3 |  4- 6 |  7- 9 || total
-------------------------+-------+-------+-------++-------
Melee: Flail             |   116 |    30 |       ||   146
       Morningstar       |       |    66 |    67 ||   133
Throw: Stone             |       |     5 |       ||     5
  Use: Potion            |       |     5 |     1 ||     6
       Scroll            |       |     1 |     2 ||     3
 Stab: Distracted        |       |     2 |       ||     2
       Invisible         |       |     1 |       ||     1
       Sleeping          |       |       |     1 ||     1
Armor: Robe              |    34 |    37 |    18 ||    89
Dodge: Dodged            |    54 |    33 |    27 ||   114
Block: Kite shield       |    42 |    27 |    38 ||   107

Table legend: (Time is in decaauts)
 A = Elapsed time spent in this place.
 B = Non-inter-level travel time spent in this place.
 C = Inter-level travel time spent in this place.
 D = Time resting spent in this place.
 E = Time spent auto-exploring this place.
 F = Levels seen in this place.
 G = Mean time per level.
                   A        B        C        D        E       F      G
               +--------+--------+--------+--------+--------+-----+--------+
         Total |   4236 |   3991 |    245 |    141 |   2965 |   7 |  605.1 |
       Dungeon |   4236 |   3991 |    245 |    141 |   2965 |   7 |  605.1 |
               +--------+--------+--------+--------+--------+-----+--------+

Top non-repeatable levels by time:
     D:2: 1246 daAuts
     D:3: 1131 daAuts
     D:4: 862 daAuts
     D:1: 724 daAuts
     D:5: 134 daAuts
     D:7: 108 daAuts
     D:6: 29 daAuts
